 Dungeon Crawl Stone Soup version 0.20.0-7-g3b7b877 (webtiles) character file.

3753 RKaid the Geomancer (level 10, -1/53 HPs)
             Began as a Vine Stalker Earth Elementalist on May 28, 2017.
             Was an Elder of Sif Muna.
             Splashed by Maurice's acid (9 damage)
             ... on level 8 of the Dungeon.
             The game lasted 00:52:20 (8593 turns).

RKaid the Geomancer (VSEE)                          Turns: 8593, Time: 00:52:21

Health: -1/53      AC:  6    Str: 12    XL:     10   Next: 15%
Magic:  0/20       EV: 12    Int: 20    God:    Sif Muna [****..]
Gold:   109        SH:  0    Dex: 14    Spells: 5/21 levels left

rFire    + + .     SeeInvis .   a - +2 trident (flame)
rCold    . . .     Gourm    .   (no shield)
rNeg     . . .     Faith    .   z - +3 leather armour {rF+}
rPois    +         Spirit   +   (no helmet)
rElec    .         Reflect  .   (no cloak)
rCorr    .         Harm     .   (no gloves)
MR       +....                  (no boots)
Stlth    +.........             K - amulet of magic regeneration {+MPregen}
Regen    0.6/turn               f - ring of protection from fire {rF+}
MPRegen  0.3/turn               k - ring of poison resistance {rPois}

@: drained
A: fangs 3, hooves 1, blurry vision 2, clever 1, mutation resistance 1,
regeneration 1, magic shield, antimagic bite, no potion heal 3, rot immunity
a: Divine Energy, Channel Magic, Forget Spell, Renounce Religion


You were on level 8 of the Dungeon.
You worshipped Sif Muna.
Sif Muna was greatly pleased with you.
You were not hungry.

You visited 2 branches of the dungeon, and saw 9 of its levels.

You collected 249 gold pieces.
You spent 140 gold pieces at shops.

Inventory:

Hand Weapons
 a - a +2 trident of flaming (weapon)
   (You took it off a wight on level 8 of the Dungeon)
 b - a +0 blowgun
   (You took it off a kobold on level 3 of the Dungeon)
 w - a +2 spear of venom
   (You bought it in a shop on level 4 of the Dungeon)
 Q - a +1 trident of venom
   (You took it off an orc priest on level 8 of the Dungeon)
Missiles
 t - 32 sling bullets
 A - 74 stones (quivered)
 D - 6 javelins
 M - 22 poisoned needles
Armour
 z - a +3 leather armour of fire resistance (worn)
   (You took it off an orc on level 3 of the Dungeon)
 F - +0 fire dragon scales {rF++, rC-}
   (You found it on level 5 of the Dungeon)
Jewellery
 c - an uncursed ring of ice {rC+, rF-}
   (You found it on level 5 of the Dungeon)
 f - a ring of protection from fire (left hand) {rF+}
   (You found it on level 1 of the Dungeon)
 k - a ring of poison resistance (right hand) {rPois}
   (You found it on level 1 of the Dungeon)
 l - an uncursed ring of see invisible {sInv}
   (You found it on level 1 of the Dungeon)
 K - an amulet of magic regeneration (around neck) {+MPregen}
   (You took it off an orc on level 7 of the Dungeon)
Wands
 C - a wand of random effects (29/48)
   (You took it off an orc on level 8 of the Dungeon)
 I - a wand of enslavement (6/24)
   (You found it on level 8 of the Dungeon)
 J - a wand of lightning (6/15)
   (You took it off an orc on level 7 of the Dungeon)
 O - a wand of flame (13/48)
   (You took it off a big kobold on level 8 of the Dungeon)
Scrolls
 i - a scroll of recharging
 j - 3 scrolls of teleportation
 m - a scroll of enchant armour
 o - 6 scrolls of remove curse
 q - a scroll of magic mapping {!r}
 E - a scroll of fog
 L - a scroll of blinking {unknown}
Potions
 h - a potion of mutation {unknown}
 p - 2 potions of lignification {!q}
 r - 4 potions of curing
 v - 3 potions of berserk rage {!q}
 B - a potion of flight {unknown}
 G - a potion of agility {unknown}
 H - a potion of cancellation {unknown}
 N - a potion of degeneration {unknown}
Books
 e - a book of Geomancy
 n - a book of Necromancy
   (You found it on level 3 of the Dungeon)
 s - a book of Maledictions
   (You found it on level 2 of the Dungeon)
Comestibles
 d - 5 bread rations
 g - 24 fruits
 u - 2 meat rations


   Skills:
 - Level 6.0(5.2) Fighting
 - Level 2.7(2.0) Polearms
 + Level 2.5(1.7) Dodging
 - Level 2.4(1.7) Stealth
 - Level 6.1(5.3) Spellcasting
 - Level 4.5(3.7) Conjurations
 - Level 3.0(2.3) Charms
 + Level 3.8(3.0) Necromancy
 - Level 1.0(0.3) Transmutations
 - Level 8.0(7.1) Earth Magic
 + Level 1.9(1.1) Invocations


You had 5 spell levels left.
You knew the following spells:

 Your Spells              Type           Power        Failure   Level  Hunger
a - Sandblast             Erth           ####..       1%          1    None
b - Stone Arrow           Conj/Erth      ####..       4%          3    ##.....
c - Animate Skeleton      Necr           N/A          4%          1    None
d - Vampiric Draining     Necr           ###.......   12%         3    ##.....
e - Confuse               Hex            #.......     41%         3    ##.....
A - Passwall              Tmut/Erth      ###.......   4%          2    None
C - Regeneration          Chrm/Necr      ###.......   14%         3    ##.....


Dungeon Overview and Level Annotations

Branches:
Dungeon (8/15)             Temple (1/1) D:6
   Lair: D:8-11

Altars:
Ashenzari
Cheibriados
Dithmenos
Elyvilon
Fedhas
Gozag
Hepliaklqana
Kikubaaqudgha
Makhleb
Okawaru
Sif Muna
Trog
Uskayaw
Vehumet
Xom
Yredelemnul
Zin
The Shining One

Shops:
D:4 }(?:*   D:7 *

Annotations:
D:4 exclusion: phantom
D:5 Edmund
D:6 5 runed doors, exclusion: Prince Ribbit, Prince Ribbit
D:8 Maurice


Innate Abilities, Weirdness & Mutations

You have razor-sharp teeth.
Your natural rate of healing is unusually fast.
When hurt, damage is shared between your health and your magic reserves.
Your bite disrupts and absorbs the magic of your enemies.
Potions cannot restore your health.
You are immune to rotting.
You have large cloven feet.
Scrolls take you longer to read.
Your mind is acute. (Int +2)
You are somewhat resistant to further mutation.


Message History

Things that are here:
a mace; a robe
Casting: Sandblast
Confirm with . or Enter, or press ? or * to list all spells.
You can't see any susceptible monsters within range! (Use Z to cast anyway.)
Casting: Sandblast
Confirm with . or Enter, or press ? or * to list all spells.
You can't see any susceptible monsters within range! (Use Z to cast anyway.) Search for what [Enter for "armour", or ? for help]? shield Unknown command.
Casting: Sandblast
Confirm with . or Enter, or press ? or * to list all spells.
Aiming: Stone Arrow
Press: ? - help, Shift-Dir - straight line, f - wight
Aim: a wight, wielding an enchanted hand axe and wearing a robe The stone arrow hits the wight.
Casting: Stone Arrow
Confirm with . or Enter, or press ? or * to list all spells.
Aiming: Sandblast
Press: ? - help, Shift-Dir - straight line, f/p - wight
Aim: a wight, wielding an enchanted hand axe and wearing a robe (moderately damaged)
The blast of sand hits the wight.
You destroy the wight!
Sif Muna accepts your kill.
A - 74 stones
Things that are here:
an enchanted hand axe; a robe You start resting.
The two-headed ogre is too close now for your liking.
Things that are here:
a mace; a robe
Press: ? - help, v - describe, . - travel
Here: a two-headed ogre, wielding a giant spiked club and a dire flail The floor.
The two-headed ogre hits you with a giant spiked club!
The two-headed ogre hits you with a dire flail!
All of the chunks of flesh in your inventory have rotted away.
Things that are here:
an enchanted hand axe; a robe Unknown command.
Casting: Sandblast
Confirm with . or Enter, or press ? or * to list all spells.
Aiming: Vampiric Draining
Press: ? - help, Shift-Dir - straight line, f - two-headed ogre
Aim: a two-headed ogre, wielding a giant spiked club and a dire flail You feel life coursing into your body.
The two-headed ogre hits you with a giant spiked club!
The two-headed ogre closely misses you.
Evoke which item? (* to show all) (? for menu, Esc to quit)
Aiming: Enslavement (will waste charges)
Press: ? - help, Shift-Dir - straight line, f/p - two-headed ogre
Aim: a two-headed ogre, wielding a giant spiked club and a dire flail (lightly wounded, chance to defeat MR: 28%)
Okay, then.
Okay, then.
Really read with blurry vision while enemies are nearby?
Okay, then.
The two-headed ogre hits you with a giant spiked club!!
The two-headed ogre barely misses you.
Okay, then.
Casting: Vampiric Draining
Confirm with . or Enter, or press ? or * to list all spells.
Aiming: Confuse
Press: ? - help, Shift-Dir - straight line, f/p - two-headed ogre
Aim: a two-headed ogre, wielding a giant spiked club and a dire flail (lightly wounded, chance to defeat MR: 21%)
Okay, then.
Maurice zaps a wand.
The bolt of acid hits you!
* * * LOW HITPOINT WARNING * * *
The acid corrodes you!
You are splashed with acid!
The acid burns!
* * * LOW HITPOINT WARNING * * *
It is a wand of acid (?/15).
Okay, then.
Unknown command.
Unknown command.
Evoke which item? (* to show all) (? for menu, Esc to quit)
Aiming: Enslavement (will waste charges)
Press: ? - help, Shift-Dir - straight line, f - Maurice, p - two-headed ogre
Aim: Maurice, wielding a flail of freezing, wearing a robe and carrying a wand of acid (?/15) {zapped: 1} (chance to defeat MR: 46%)
Okay, then.
Unknown command.
You are no longer corroded.
Items here: )) [[ a robe; a flail; a cloak; a runed short sword
Casting: Confuse
Confirm with . or Enter, or press ? or * to list all spells.
Aiming: Vampiric Draining
Press: ? - help, Shift-Dir - straight line, f/p - two-headed ogre
Aim: a two-headed ogre, wielding a giant spiked club and a dire flail
Okay, then.
Unknown command.
Things that are here:
a robe; a war axe
Items here: )))))) [[[
Things that are here:
a dagger; a robe; an enchanted war axe Maurice casts a spell.
Maurice blinks!
Maurice zaps a wand.
The bolt of acid hits you!
* * * LOW HITPOINT WARNING * * *
You are splashed with acid!
The acid burns!
You die...

.#.....##...##...........
.#......#....'......#####
.#....†.#....'......#
.#......#...##......#
##.....###'##.......# ##../..###.
##.P....# #.... ... ......[.#
#.......# #..... ....
...###########......###....#.....
...# #......O.@>.........# ...#
...# #....@..............###...
...########.#####..............b.
...##.§[[[).# #................
...##.####### #............)...
)..##.######## #......##........
............)# #......##........
#@#..........# #......##........
..#..........# #......##........


You could see Maurice and a two-headed ogre.

Vanquished Creatures
  Menkaure (D:7)
  A sky beast (D:7)
  2 orc warriors
  2 ice beasts
  A black bear (D:8)
  3 phantoms
  A necrophage (D:7)
  2 ogres
  2 centaurs
  2 big kobolds (D:8)
  2 bullfrogs (D:7)
  3 scorpions
  6 killer bees (D:7)
  12 wights
  5 crimson imps
  A centaur zombie (D:6)
  A centaur skeleton (D:4)
  3 jellies
  6 hounds
  4 orc priests
  A bullfrog skeleton (D:8)
  An iguana (D:6)
  7 orc wizards
  5 worker ants
  4 gnolls (D:3)
  4 adders
  A shadow imp (D:5)
  2 oozes
  An adder skeleton (D:7)
  3 worms
  3 dart slugs (D:1)
  5 leopard geckos
  39 orcs
  3 ball pythons (D:3)
  A giant cockroach (D:5)
  2 goblins (D:3)
  6 hobgoblins
  10 jackals
  14 kobolds
  5 quokkas
  13 bats
  4 frilled lizards
  4 rats
198 creatures vanquished.

Notes
Turn   | Place    | Note
-------+----------+-------------------------------------------
     0 | D:1      | RKaid the Vine Stalker Earth Elementalist began the quest for the Orb.
     0 | D:1      | Reached XP level 1. HP: 9/9 MP: 4/4
    69 | D:1      | Reached XP level 2. HP: 12/14 MP: 0/6
   636 | D:1      | Reached skill level 1 in Polearms
   673 | D:1      | Reached XP level 3. HP: 17/17 MP: 7/7
   766 | D:1      | Reached skill level 1 in Fighting
  1384 | D:2      | Found a deep blue altar of Sif Muna.
  1390 | D:2      | Became a worshipper of Sif Muna the Loreminder
  1975 | D:3      | Gained mutation: Your natural rate of healing is unusually fast. [Vine Stalker growth]
  1975 | D:3      | Reached XP level 4. HP: 22/22 MP: 8/8
  2006 | D:3      | Reached skill level 2 in Polearms
  2068 | D:3      | Learned a level 3 spell: Stone Arrow
  2071 | D:3      | Learned a level 2 spell: Passwall
  2533 | D:3      | Reached XP level 5. HP: 26/26 MP: 9/9
  2545 | D:3      | Reached skill level 2 in Fighting
  2710 | D:3      | Reached skill level 4 in Earth Magic
  3021 | D:4      | Found Ymelueti's Magic Scroll Emporium.
  3027 | D:4      | Bought a scroll of identify for 28 gold pieces
  3055 | D:4      | Reached skill level 1 in Conjurations
  3055 | D:4      | Reached XP level 6. HP: 17/30 MP: 3/10
  3067 | D:4      | Reached * piety under Sif Muna
  3212 | D:4      | Found a burning altar of Makhleb.
  3245 | D:4      | Noticed a phantom
  3356 | D:4      | Found Feloesmi's Book Emporium.
  3396 | D:4      | Reached skill level 2 in Conjurations
  3396 | D:4      | Reached skill level 5 in Earth Magic
  3572 | D:4      | Found Geolet's Weapon Emporium.
  3595 | D:4      | Reached skill level 3 in Conjurations
  3595 | D:4      | Reached XP level 7. HP: 35/35 MP: 9/11
  3617 | D:4      | Found Riosup's Gadget Emporium.
  3826 | D:4      | Found Kuruoh's Assorted Antiques.
  3834 | D:4      | Bought a scroll labeled ZACLIAVIGI for 16 gold pieces
  3922 | D:5      | Entered Level 5 of the Dungeon
  4052 | D:5      | Reached skill level 3 in Spellcasting
  4348 | D:5      | Reached skill level 6 in Earth Magic
  4845 | D:5      | Reached skill level 4 in Spellcasting
  5006 | D:5      | Noticed Edmund
  5062 | D:4      | Bought a glowing spear for 96 gold pieces
  5112 | D:6      | Gained mutation: You have razor-sharp teeth. [Vine Stalker growth]
  5112 | D:6      | Reached XP level 8. HP: 23/39 MP: 6/15
  5152 | D:6      | Found a staircase to the Ecumenical Temple.
  5163 | Temple   | Entered the Ecumenical Temple
  5499 | D:6      | Reached ** piety under Sif Muna
  5569 | D:6      | Learned a level 3 spell: Regeneration
  5706 | D:6      | Reached skill level 5 in Spellcasting
  5706 | D:6      | Reached skill level 7 in Earth Magic
  6297 | D:6      | Noticed Prince Ribbit
  6338 | D:6      | Found a runed door.
  6354 | D:6      | Found a runed door.
  6368 | D:6      | Found a runed gate.
  6379 | D:6      | Found a runed gate.
  6379 | D:6      | Found a runed gate.
  6510 | D:7      | Found Catsouttouxt's Assorted Antiques.
  6553 | D:7      | Reached skill level 6 in Spellcasting
  6553 | D:7      | Reached skill level 8 in Earth Magic
  6585 | D:7      | Noticed Menkaure
  6620 | D:7      | Killed Menkaure
  6620 | D:7      | Reached XP level 9. HP: 43/43 MP: 17/19
  6684 | D:7      | Reached skill level 3 in Fighting
  6725 | D:7      | Reached skill level 4 in Conjurations
  6762 | D:7      | Gained mutation: You have large cloven feet. [mutagenic meat]
  6763 | D:7      | Gained mutation: Scrolls take you a little longer to read. [mutagenic meat]
  6764 | D:7      | Gained mutation: Your mind is acute. (Int +2) [mutagenic meat]
  6765 | D:7      | Gained mutation: Scrolls take you longer to read. [mutagenic meat]
  6766 | D:7      | Gained mutation: You are somewhat resistant to further mutation. [mutagenic meat]
  6776 | D:7      | Reached skill level 4 in Fighting
  6870 | D:7      | Reached *** piety under Sif Muna
  6916 | D:7      | Reached skill level 1 in Necromancy
  6919 | D:7      | HP: 11/46 [killer bee (6)]
  6920 | D:7      | Reached skill level 1 in Charms
  7315 | D:7      | Reached skill level 5 in Fighting
  7677 | D:8      | Found a radiant altar of Vehumet.
  7732 | D:8      | Reached skill level 2 in Necromancy
  7757 | D:8      | Reached skill level 2 in Charms
  7866 | D:8      | Found a shimmering altar of Xom.
  8087 | D:8      | Reached skill level 3 in Charms
  8100 | D:8      | Reached skill level 6 in Fighting
  8162 | D:8      | Reached XP level 10. HP: 52/53 MP: 14/20
  8164 | D:8      | Reached skill level 3 in Necromancy
  8238 | D:8      | Reached skill level 1 in Invocations
  8241 | D:8      | Reached skill level 2 in Dodging
  8299 | D:8      | Reached **** piety under Sif Muna
  8330 | D:8      | Noticed Maurice
  8355 | D:7      | Learned a level 1 spell: Animate Skeleton
  8359 | D:7      | Learned a level 3 spell: Vampiric Draining
  8363 | D:7      | Learned a level 3 spell: Confuse
  8496 | D:8      | Noticed a two-headed ogre
  8572 | D:8      | HP: 13/53 [Maurice/wand of acid (?/15) (11)]
  8572 | D:8      | HP: 6/53 [acid (7)]
  8593 | D:8      | HP: 8/53 [Maurice/wand of acid (?/15) (10)]
  8593 | D:8      | Splashed by Maurice's acid

Skill      XL: |  1  2  3  4  5  6  7  8  9 10 |
---------------+-------------------------------+-----
Polearms       | 1 2 |  2.7
Fighting       | 1 2 6 |  6.0
Earth Magic    | 4 5 6 8 |  8.0
Conjurations   | 1 3 4 |  4.5
Spellcasting   | 4 6 |  6.1
Necromancy     | 2 3 |  3.8
Charms         | 3 |  3.0
Invocations    | 1 |  1.9
Dodging        | 2 |  2.5
Stealth        | |  2.4
Transmutations | |  1.0

Action                   |  1- 3 |  4- 6 |  7- 9 | 10-12 || total
-------------------------+-------+-------+-------+-------++-------
Melee: Spear             |   109 |   204 |   330 |       ||   643
       Bite              |    21 |    42 |    77 |     6 ||   146
       Trident           |       |       |    30 |    28 ||    58
       Kick              |       |       |    21 |     6 ||    27
 Fire: Blowgun           |       |     3 |       |       ||     3
 Cast: Sandblast         |    23 |    25 |    69 |    17 ||   134
       Passwall          |       |     2 |       |       ||     2
       Stone Arrow       |       |       |    15 |     3 ||    18
       Vampiric Draining |       |       |       |     1 ||     1
Evoke: Wand              |       |       |     5 |       ||     5
  Use: Scroll            |       |     3 |    11 |       ||    14
 Stab: Sleeping          |     5 |     1 |     1 |       ||     7
       Distracted        |       |       |     2 |       ||     2
       Paralysed         |       |       |     6 |       ||     6
  Eat: Chunk             |     4 |     5 |    14 |     2 ||    25
       Fruit             |       |     3 |       |       ||     3
       Bread ration      |       |       |     1 |       ||     1
Armor: Ring mail         |    27 |     7 |       |       ||    34
       Robe              |     1 |       |       |       ||     1
       Leather armour    |       |    40 |    89 |     4 ||   133
Dodge: Dodged            |    55 |    85 |   168 |    17 ||   325

Table legend:
 A = Turns spent in this place as a percentage of turns spent in the entire game.
 B = Non-inter-level travel turns spent in this place as a percentage of non-inter-level travel turns spent in the entire game.
 C = Inter-level travel turns spent in this place as a percentage of turns spent in this place.
 D = Turns resting spent in this place as a percentage of non-inter-level travel turns spent in this place.
 E = Turns spent auto-exploring this place as a percentage of non-inter-level travel turns spent in this place.
 F = Non-inter-level travel turns spent in this place divided by the number of levels of this place that you've seen.
                   A       B       C       D       E      F
               +-------+-------+-------+-------+-------+----------------------
         Total | 100.0 | 100.0 |   0.4 |   3.9 |   6.2 | 338.2
       Dungeon |  99.4 |  99.4 |   0.4 |   3.9 |   5.7 | 378.4
        Temple |   0.6 |   0.6 |   5.6 |   0.0 |  94.1 |  17.0
               +-------+-------+-------+-------+-------+----------------------

Table legend:
 A = Kills in this place as a percentage of kills in entire the game.
 B = Kills by you in this place as a percentage of kills by you in the entire game.
 C = Kills by friends in this place as a percentage of kills by friends in the entire game.
 D = Other kills in this place as a percentage of other kills in the entire game.
 E = Experience gained in this place as a percentage of experience gained in the entire game.
 F = Experience gained in this place divided by the number of levels of this place that you have seen.
                   A       B       C       D       E      F
               +-------+-------+-------+-------+-------+----------------------
         Total | 100.0 | 100.0 |  -nan |  -nan | 100.0 | 595.8
       Dungeon | 100.0 | 100.0 |  -nan |  -nan | 100.0 | 670.2
               +-------+-------+-------+-------+-------+----------------------
